TOP OF THE 1ST |
Blueville 83's batting - Pitching for Topeka Tornados : RHP Todd Brewster
|
Pitching: RHP Todd Brewster
|
|
Batting: SHB Caden Keith
|
0-0: Ball 1-0: Ball 2-0: SINGLE (Groundball, 4D)
|
Batting: RHB Matt Perkins
|
0-0: Ball 1-0: Called Strike 1-1: Ball 2-1: Called Strike 2-2: Strikes out swinging
|
Batting: LHB Roberto Trujillo
|
0-0: Called Strike 0-1: Called Strike 0-2: Ball 1-2: Ball 2-2: Strikes out swinging
|
Batting: SHB Jack Fountain
|
0-0: Called Strike Caden Keith steals 2nd base 0-1: Foul Ball, location: 2F 0-2: Fly out, F9 (Flyball, 9S)
|
Top of the 1st over - 0 run(s), 1 hit(s), 0 error(s), 1 left on base; Blueville 0 - Topeka 0 |
BOTTOM OF THE 1ST |
Topeka Tornados batting - Pitching for Blueville 83's : RHP Gary Grimes
|
Pitching: RHP Gary Grimes
|
|
Batting: LHB Aurelio Torrez
|
0-0: Called Strike 0-1: Foul Ball, location: 2F 0-2: Ball 1-2: Strikes out swinging
|
Batting: SHB Giancarlo Giannini
|
0-0: Ball 1-0: Ball 2-0: Ball 3-0: Called Strike 3-1: Foul Ball, location: 2F 3-2: Base on Balls
|
Batting: SHB Javier Peña
|
0-0: Called Strike 0-1: Ball 1-1: Swinging Strike 1-2: Ball 2-2: Foul Ball, location: 2F 2-2: Strikes out swinging
|
Batting: LHB Tom Robinson
|
0-0: Foul Ball, location: 2F 0-1: Ball 1-1: Ball 2-1: Ball 3-1: 2-RUN HOME RUN (Line Drive, 9LD), Distance : 347 ft
|
Batting: RHB Bob Hall
|
0-0: Ball 1-0: Ball 2-0: Foul Ball, location: 2F 2-1: Swinging Strike 2-2: Strikes out swinging
|
Bottom of the 1st over - 2 run(s), 1 hit(s), 0 error(s), 0 left on base; Blueville 0 - Topeka 2 |
TOP OF THE 2ND |
Blueville 83's batting - Pitching for Topeka Tornados : RHP Todd Brewster
|
Batting: RHB Barney Lawson
|
0-0: Called Strike 0-1: Swinging Strike 0-2: Ball 1-2: Foul Ball, location: 2F 1-2: SINGLE (Line Drive, 6MD)
|
Batting: LHB Ricardo Romero
|
0-0: Ball 1-0: Foul Ball, location: 2F 1-1: Ball 2-1: Foul Ball, location: 2F 2-2: Foul Ball, location: 2F 2-2: Strikes out swinging
|
Batting: LHB Ron Robinson
|
0-0: Ground out 6-3 (Groundball, 6) Barney Lawson to second
|
Batting: LHB Vincente Sáenz
|
0-0: Ball 1-0: Ground out U3 (Groundball, 3L)
|
Top of the 2nd over - 0 run(s), 1 hit(s), 0 error(s), 1 left on base; Blueville 0 - Topeka 2 |
BOTTOM OF THE 2ND |
Topeka Tornados batting - Pitching for Blueville 83's : RHP Gary Grimes
|
Batting: LHB Ramón Pérez
|
0-0: Foul Ball, location: 2F 0-1: Called Strike 0-2: Ball 1-2: Ground out 4-3 (Groundball, 4)
|
Batting: RHB Ed Watkins
|
0-0: Foul Ball, location: 2F 0-1: Called Strike 0-2: Strikes out looking
|
Batting: LHB José López
|
0-0: Ball 1-0: SINGLE (Line Drive, 6D)
|
Batting: RHB Dave Henderson
|
0-0: Fly out, F7 (Flyball, 7LS)
|
Bottom of the 2nd over - 0 run(s), 1 hit(s), 0 error(s), 1 left on base; Blueville 0 - Topeka 2 |
TOP OF THE 3RD |
Blueville 83's batting - Pitching for Topeka Tornados : RHP Todd Brewster
|
Batting: RHB Pat Haynes
|
0-0: Called Strike 0-1: Ball 1-1: Fly out, F8 (Flyball, 8RM)
|
Batting: SHB Caden Keith
|
0-0: Foul Ball, location: 2F 0-1: Called Strike 0-2: Foul Ball, location: 2F 0-2: Fly out, F8 (Flyball, 89D)
|
Batting: RHB Matt Perkins
|
0-0: Ground out 3-1 (Groundball, 34S)
|
Top of the 3rd over - 0 run(s), 0 hit(s), 0 error(s), 0 left on base; Blueville 0 - Topeka 2 |
BOTTOM OF THE 3RD |
Topeka Tornados batting - Pitching for Blueville 83's : RHP Gary Grimes
|
Batting: LHB Aurelio Torrez
|
0-0: Ball 1-0: Called Strike 1-1: Ball 2-1: Ball 3-1: Foul Ball, location: 2F 3-2: SINGLE (Line Drive, 6MD)
|
Batting: SHB Giancarlo Giannini
|
0-0: Foul Ball, location: 2F 0-1: Hit by Pitch Aurelio Torrez to second
|
Batting: SHB Javier Peña
|
0-0: Ball 1-0: Swinging Strike 1-1: Ball 2-1: Swinging Strike 2-2: Strikes out looking
|
Batting: LHB Tom Robinson
|
0-0: Called Strike 0-1: Ball 1-1: Foul Ball, location: 2F 1-2: Strikes out swinging
|
Batting: RHB Bob Hall
|
0-0: Called Strike 0-1: Fly out, F6 (Popup, 4MD)
|
Bottom of the 3rd over - 0 run(s), 1 hit(s), 0 error(s), 2 left on base; Blueville 0 - Topeka 2 |
TOP OF THE 4TH |
Blueville 83's batting - Pitching for Topeka Tornados : RHP Todd Brewster
|
Batting: LHB Roberto Trujillo
|
0-0: Ball 1-0: Called Strike 1-1: SINGLE (Groundball, 34D)
|
Batting: SHB Jack Fountain
|
0-0: Called Strike 0-1: Fly out, F7 (Flyball, 78M)
|
Batting: RHB Barney Lawson
|
0-0: Called Strike 0-1: Ball 1-1: Fly out, F9 (Flyball, 9LM)
|
Batting: LHB Ricardo Romero
|
0-0: Ball 1-0: Ball 2-0: Foul Ball, location: 2F 2-1: Foul Ball, location: 2F 2-2: Ball 3-2: Foul Ball, location: 2F 3-2: Foul Ball, location: 2F 3-2: Fly out, F1 (Line Drive, 13)
|
Top of the 4th over - 0 run(s), 1 hit(s), 0 error(s), 1 left on base; Blueville 0 - Topeka 2 |
BOTTOM OF THE 4TH |
Topeka Tornados batting - Pitching for Blueville 83's : RHP Gary Grimes
|
Batting: LHB Ramón Pérez
|
0-0: Foul Ball, location: 2F 0-1: Ball 1-1: Ball 2-1: Fly out, F7 (Line Drive, 7LM)
|
Batting: RHB Ed Watkins
|
0-0: SINGLE (Groundball, 5D)
|
Batting: LHB José López
|
0-0: Called Strike 0-1: Fielders Choice at 2nd, 4-6 (Groundball, 4)
|
Batting: RHB Dave Henderson
|
0-0: Ball 1-0: Called Strike 1-1: Foul Ball, location: 2F 1-2: Strikes out swinging
|
Bottom of the 4th over - 0 run(s), 1 hit(s), 0 error(s), 1 left on base; Blueville 0 - Topeka 2 |
TOP OF THE 5TH |
Blueville 83's batting - Pitching for Topeka Tornados : RHP Todd Brewster
|
Batting: LHB Ron Robinson
|
0-0: Called Strike 0-1: Ball 1-1: Foul Ball, location: 2F 1-2: SINGLE (Groundball, 4MD)
|
Batting: LHB Vincente Sáenz
|
0-0: Ball 1-0: Ball 2-0: Called Strike 2-1: Fly out, F9 (Flyball, 9LD)
|
Batting: RHB Pat Haynes
|
0-0: Called Strike 0-1: SINGLE (Groundball, 6MD) Ron Robinson to second Runner from 2nd tries for 3rd, SAFE, throw made to third
|
Batting: SHB Caden Keith
|
0-0: Swinging Strike 0-1: Ball 1-1: Ball 2-1: Called Strike 2-2: Foul Ball, location: 2F 2-2: DOUBLE (Line Drive, 89M) Ron Robinson scores Pat Haynes to third
|
Batting: RHB Matt Perkins
|
0-0: Ball 1-0: Called Strike 1-1: Ball 2-1: Called Strike 2-2: Fly out, F9 (Flyball, 9LMF) Runner from 3rd tags up, SCORES, no throw
|
Batting: LHB Roberto Trujillo
|
0-0: Foul Ball, location: 2F 0-1: Foul Ball, location: 2F 0-2: Ball 1-2: Ball 2-2: Ball 3-2: DOUBLE (Line Drive, 9LM) Caden Keith scores
|
Pitching: RHP Reginaldo Coscia
|
|
Batting: SHB Jack Fountain
|
0-0: Called Strike 0-1: Foul Ball, location: 2F 0-2: Ball 1-2: SINGLE (Groundball, 34D) Roberto Trujillo to third Runner from 3rd tries for Home, SAFE, throw made home Jack Fountain to second
|
Batting: RHB Barney Lawson
|
0-0: Ground out 1-3 (Groundball, 15S)
|
Top of the 5th over - 4 run(s), 5 hit(s), 0 error(s), 1 left on base; Blueville 4 - Topeka 2 |
BOTTOM OF THE 5TH |
Topeka Tornados batting - Pitching for Blueville 83's : RHP Gary Grimes
|
Batting: LHB Aurelio Torrez
|
0-0: Called Strike 0-1: Foul Ball, location: 2F 0-2: Ball 1-2: Fly out, F8 (Line Drive, 8RXD)
|
Batting: SHB Giancarlo Giannini
|
0-0: Ball 1-0: Fly out, F8 (Flyball, 8LM)
|
Batting: SHB Javier Peña
|
0-0: Fly out, F7 (Flyball, 7LM)
|
Bottom of the 5th over - 0 run(s), 0 hit(s), 0 error(s), 0 left on base; Blueville 4 - Topeka 2 |
TOP OF THE 6TH |
Blueville 83's batting - Pitching for Topeka Tornados : RHP Reginaldo Coscia
|
Batting: LHB Ricardo Romero
|
0-0: Ball 1-0: Ground out 6-3 (Groundball, 6)
|
Batting: LHB Ron Robinson
|
0-0: Called Strike 0-1: Ball 1-1: Ball 2-1: Ball 3-1: Swinging Strike 3-2: SINGLE (Flyball, 8RS)
|
Batting: LHB Vincente Sáenz
|
0-0: Called Strike 0-1: Ball 1-1: Ball 2-1: Swinging Strike 2-2: Ball 3-2: Strikes out looking
|
Batting: RHB Pat Haynes
|
0-0: Called Strike 0-1: Ball 1-1: Ball Ron Robinson steals 2nd base 2-1: Called Strike 2-2: Ball 3-2: Base on Balls
|
Batting: SHB Caden Keith
|
0-0: Ball 1-0: Ball 2-0: Called Strike 2-1: Ball 3-1: Foul Ball, location: 2F 3-2: Base on Balls Ron Robinson to third Pat Haynes to second
|
Batting: RHB Matt Perkins
|
0-0: DOUBLE (Groundball, 5L) Ron Robinson scores Pat Haynes scores Caden Keith to third Runner from 3rd tries for Home, SAFE, no throw
|
Pitching: LHP John Livingston
|
|
Batting: LHB Roberto Trujillo
|
0-0: Called Strike 0-1: Foul Ball, location: 2F 0-2: Foul Ball, location: 2F 0-2: Strikes out swinging
|
Top of the 6th over - 3 run(s), 2 hit(s), 0 error(s), 1 left on base; Blueville 7 - Topeka 2 |
BOTTOM OF THE 6TH |
Topeka Tornados batting - Pitching for Blueville 83's : RHP Gary Grimes
|
Batting: LHB Tom Robinson
|
0-0: Ground out 6-3 (Groundball, 6S)
|
Batting: RHB Bob Hall
|
0-0: Ball 1-0: Called Strike 1-1: Foul Ball, location: 2F 1-2: Fly out, F7 (Flyball, 7S)
|
Batting: LHB Ramón Pérez
|
0-0: Ball 1-0: Foul Ball, location: 2F 1-1: Ball 2-1: Called Strike 2-2: Foul Ball, location: 2F 2-2: Ball 3-2: Ground out 4-3 (Groundball, 4)
|
Bottom of the 6th over - 0 run(s), 0 hit(s), 0 error(s), 0 left on base; Blueville 7 - Topeka 2 |
TOP OF THE 7TH |
Blueville 83's batting - Pitching for Topeka Tornados : LHP John Livingston
|
Batting: SHB Jack Fountain
|
0-0: Ball 1-0: Called Strike 1-1: Called Strike 1-2: Ball 2-2: Strikes out swinging
|
Batting: RHB Barney Lawson
|
0-0: Swinging Strike 0-1: Swinging Strike 0-2: Ball 1-2: Ball 2-2: Foul Ball, location: 2F 2-2: Foul Ball, location: 2F 2-2: Ball 3-2: SINGLE (Line Drive, 7S)
|
Batting: LHB Ricardo Romero
|
0-0: Swinging Strike 0-1: Ball Wild Pitch! Barney Lawson to second 1-1: Ball 2-1: Foul Ball, location: 2F 2-2: Ball 3-2: Fly out, F8 (Flyball, 8LM)
|
Batting: LHB Ron Robinson
|
0-0: Ball 1-0: Ball 2-0: Foul Ball, location: 2F 2-1: Called Strike 2-2: Ball 3-2: Strikes out looking
|
Top of the 7th over - 0 run(s), 1 hit(s), 0 error(s), 1 left on base; Blueville 7 - Topeka 2 |
BOTTOM OF THE 7TH |
Topeka Tornados batting - Pitching for Blueville 83's : RHP Gary Grimes
|
Pitching: RHP Ernesto Germán
|
|
Batting: RHB Ed Watkins
|
0-0: Ground out 1-3 (Groundball, 15S)
|
|
|
Batting: LHB José López
|
0-0: Ball 1-0: Ball 2-0: Called Strike 2-1: SOLO HOME RUN (Flyball, 9D), Distance : 370 ft
|
Batting: RHB Dave Henderson
|
0-0: Called Strike 0-1: Fly out, F8 (Line Drive, 8RM)
|
Batting: LHB Aurelio Torrez
|
0-0: Ball 1-0: Ball 2-0: Ground out 1-3 (Groundball, 13S)
|
Bottom of the 7th over - 1 run(s), 1 hit(s), 0 error(s), 0 left on base; Blueville 7 - Topeka 3 |
TOP OF THE 8TH |
Blueville 83's batting - Pitching for Topeka Tornados : LHP John Livingston
|
Pitching: LHP Pedro Vega
|
|
Batting: LHB Vincente Sáenz
|
0-0: Ball 1-0: Called Strike 1-1: Ball 2-1: Called Strike 2-2: Foul Ball, location: 2F 2-2: Strikes out looking
|
Batting: RHB Pat Haynes
|
0-0: Ball 1-0: SOLO HOME RUN (Flyball, 7D), Distance : 385 ft
|
Batting: SHB Caden Keith
|
0-0: Called Strike 0-1: Ground out 3-1 (Groundball, 34S)
|
Batting: RHB Matt Perkins
|
0-0: Ball 1-0: Foul Ball, location: 2F 1-1: Ball 2-1: Ground out 6-3 (Groundball, 6)
|
Top of the 8th over - 1 run(s), 1 hit(s), 0 error(s), 0 left on base; Blueville 8 - Topeka 3 |
BOTTOM OF THE 8TH |
Topeka Tornados batting - Pitching for Blueville 83's : RHP Ernesto Germán
|
Pitching: RHP Félix Rivera
|
|
Batting: SHB Giancarlo Giannini
|
0-0: Ball 1-0: Foul Ball, location: 2F 1-1: Ball 2-1: SINGLE (Flyball, 8RS)
|
Pitching: RHP José Becerra
|
|
Batting: SHB Javier Peña
|
0-0: Ball 1-0: Called Strike 1-1: Called Strike 1-2: Foul Ball, location: 2F 1-2: Strikes out looking
|
Batting: LHB Tom Robinson
|
0-0: Ball 1-0: Swinging Strike 1-1: Swinging Strike 1-2: SINGLE (Groundball, 6D) Giancarlo Giannini to second
|
Batting: RHB Bob Hall
|
0-0: Ball 1-0: TRIPLE (Flyball, 7LS) Giancarlo Giannini scores Tom Robinson scores
|
Batting: LHB Ramón Pérez
|
0-0: Foul Ball, location: 2F 0-1: Ball 1-1: Ball 2-1: Called Strike 2-2: Foul Ball, location: 2F 2-2: Ball 3-2: Base on Balls
|
Batting: RHB Ed Watkins
|
0-0: Ball 1-0: Ball 2-0: Foul Ball, location: 2F 2-1: Ball 3-1: Foul Ball, location: 2F 3-2: Base on Balls Ramón Pérez to second
|
Batting: LHB José López
|
0-0: Foul Ball, location: 2F 0-1: Fielders Choice at 2nd, 4-6 (Groundball, 34) Bob Hall scores Ramón Pérez to third
|
Batting: RHB Dave Henderson
|
0-0: Ball 1-0: Ball 2-0: Ball 3-0: Called Strike 3-1: Called Strike 3-2: Base on Balls José López to second
|
Batting: LHB Aurelio Torrez
|
0-0: Foul Ball, location: 2F 0-1: Ball 1-1: Ball 2-1: Fly out, F9 (Flyball, 9S)
|
Bottom of the 8th over - 3 run(s), 3 hit(s), 0 error(s), 3 left on base; Blueville 8 - Topeka 6 |
TOP OF THE 9TH |
Blueville 83's batting - Pitching for Topeka Tornados : LHP Pedro Vega
|
Batting: LHB Roberto Trujillo
|
0-0: Ball 1-0: Foul Ball, location: 2F 1-1: Ball 2-1: Ball 3-1: Base on Balls
|
Batting: SHB Jack Fountain
|
0-0: Ball 1-0: Ball 2-0: Foul Ball, location: 2F 2-1: Grounds into double play, 5-4-3 (Groundball, 56)
|
Batting: RHB Barney Lawson
|
0-0: Foul Ball, location: 2F 0-1: Foul Ball, location: 2F 0-2: Ball 1-2: Fly out, F8 (Flyball, 89M)
|
Top of the 9th over - 0 run(s), 0 hit(s), 0 error(s), 0 left on base; Blueville 8 - Topeka 6 |
BOTTOM OF THE 9TH |
Topeka Tornados batting - Pitching for Blueville 83's : RHP José Becerra
|
Batting: SHB Giancarlo Giannini
|
0-0: Ground out 3-1 (Groundball, 34)
|
Batting: SHB Javier Peña
|
0-0: SOLO HOME RUN (Flyball, 9D), Distance : 373 ft
|
Batting: LHB Tom Robinson
|
0-0: Ball 1-0: Ball 2-0: Ground out U3 (Groundball, 3)
|
Batting: RHB Bob Hall
|
0-0: Called Strike 0-1: Called Strike 0-2: Ball 1-2: Foul Ball, location: 2F 1-2: Ball 2-2: Ball 3-2: Foul Ball, location: 2F 3-2: Foul Ball, location: 2F 3-2: Base on Balls
|
Batting: LHB Ramón Pérez
|
0-0: Called Strike 0-1: Ball 1-1: Called Strike 1-2: Strikes out looking
|
Bottom of the 9th over - 1 run(s), 1 hit(s), 0 error(s), 1 left on base; Blueville 8 - Topeka 7 |
|
Thursday, March 30th, 2017 - OOTP Baseball 17.12 Build 75
|
|